[ AOE2 MATCH · #507341705 ]
UnrankedFranks vs Romans
Player's team · LOSS
Rival team · WIN
[ REPLAY ANALYSIS · EXTRACTED FROM THE RECORDED GAME ]
Feudal
9:25
Castle
—
Imperial
—
| APM avg | 40.7 |
| APM peak | 81 |
| eAPM avg | 16.9 |
| Villagers / military | 57 / 36 |
Focus
⚔️ 26.5% · 🌾 73.5%
Scout Cavalry ×36
Feudal
9:47
Castle
24:14
Imperial
—
| APM avg | 39.0 |
| APM peak | 60 |
| eAPM avg | 18.4 |
| Villagers / military | 50 / 48 |
Focus
⚔️ 33.9% · 🌾 66.1%
Militia ×41 · Spearman ×6 · Battering Ram ×1
Match map
Initial resources + every placement click. Lines = walls · curves = elevation contours. ◆ gold · ⬟ stone · ● berries · ✦ relic · ◌ wall gap
Your base· Open — unwalled flank
Rickard's base· ✓ Closed at 24:14 · 27t walls · 2 gate(s)
Smoothed initial terrain · ◌ = detected wall gap · hover for details
Inputs per minute
— hK | triunFo - - Rickard
Build order — hK | triunFo
150 actions detected in the replay
| 0:00 | Queue | Villager (Male) |
| 0:01 | Queue | Villager (Male) |
| 0:01 | Queue | Villager (Male) |
| 0:01 | Queue | Villager (Male) |
| 0:06 | Build | House |
| 1:27 | Queue | Villager (Male) |
| 1:27 | Queue | Villager (Male) |
| 1:36 | Build | House |
| 1:38 | Build | House |
| 2:03 | Queue | Villager (Male) |
| 2:23 | Queue | Villager (Male) |
| 2:47 | Build | Lumber Camp |
| 2:51 | Queue | Villager (Male) |
| 3:10 | Queue | Villager (Male) |
| 3:11 | Queue | Villager (Male) |
| 3:44 | Queue | Villager (Male) |
| 3:44 | Queue | Villager (Male) |
| 4:17 | Queue | Villager (Male) |
| 4:21 | Queue | Villager (Male) |
| 4:21 | Queue | Villager (Male) |
| 5:15 | Queue | Villager (Male) |
| 5:16 | Queue | Villager (Male) |
| 5:27 | Build | Mill |
| 6:02 | Queue | Villager (Male) |
| 6:17 | Build | House |
| 6:36 | Research | Loom |
| 6:36 | Research | Loom |
| 7:15 | Research | Feudal Age |
| 7:15 | Research | Feudal Age |
| 8:09 | Queue | Villager (Male) |
| 8:19 | Build | Barracks |
| 9:25 | Age | Feudal Age |
| 9:28 | Build | Stable |
| 9:29 | Queue | Villager (Male) |
| 9:34 | Research | Double-Bit Axe |
| 9:34 | Research | Double-Bit Axe |
| 10:14 | Queue | Villager (Male) |
| 10:28 | Build | House |
| 10:29 | Queue | Scout Cavalry |
| 10:29 | Queue | Scout Cavalry |
| 10:29 | Queue | Scout Cavalry |
| 10:29 | Queue | Scout Cavalry |
| 10:30 | Queue | Scout Cavalry |
| 10:38 | Queue | Villager (Male) |
| 10:52 | Build | Blacksmith |
| 10:54 | Queue | Villager (Male) |
| 11:30 | Queue | Scout Cavalry |
| 11:44 | Queue | Scout Cavalry |
| 11:45 | Queue | Scout Cavalry |
| 12:17 | Queue | Villager (Male) |
| 12:17 | Queue | Villager (Male) |
| 12:36 | Build | Mill |
| 12:42 | Queue | Villager (Male) |
| 12:42 | Queue | Villager (Male) |
| 12:48 | Build | Farm |
| 12:49 | Build | Farm |
| 12:51 | Build | Farm |
| 12:52 | Build | Farm |
| 13:06 | Build | House |
| 13:07 | Build | House |
| 13:21 | Queue | Villager (Male) |
| 13:21 | Queue | Villager (Male) |
| 13:32 | Build | House |
| 13:32 | Build | House |
| 13:42 | Build | Farm |
| 13:43 | Build | Farm |
| 13:46 | Build | Farm |
| 13:56 | Queue | Villager (Male) |
| 13:57 | Queue | Villager (Male) |
| 14:11 | Queue | Villager (Male) |
| 14:11 | Queue | Villager (Male) |
| 14:23 | Queue | Villager (Male) |
| 14:27 | Build | Farm |
| 14:45 | Build | Mining Camp |
| 14:48 | Queue | Villager (Male) |
| 14:54 | Build | Market |
| 14:57 | Build | Palisade Wall |
| 15:30 | Queue | Villager (Male) |
| 15:36 | Build | Farm |
| 15:37 | Build | Farm |
| 15:41 | Build | Farm |
| 15:43 | Queue | Villager (Male) |
| 15:46 | Research | Scale Barding Armor |
| 15:47 | Research | Scale Barding Armor |
| 15:55 | Build | Farm |
| 16:00 | Queue | Scout Cavalry |
| 16:00 | Queue | Scout Cavalry |
| 16:00 | Queue | Scout Cavalry |
| 16:24 | Build | Farm |
| 16:26 | Queue | Villager (Male) |
| 16:49 | Queue | Scout Cavalry |
| 16:49 | Queue | Scout Cavalry |
| 16:50 | Queue | Scout Cavalry |
| 16:50 | Queue | Scout Cavalry |
| 16:59 | Queue | Villager (Male) |
| 17:00 | Queue | Villager (Male) |
| 17:10 | Build | Farm |
| 17:30 | Research | Fletching |
| 17:31 | Research | Fletching |
| 17:31 | Queue | Scout Cavalry |
| 17:32 | Queue | Scout Cavalry |
| 17:45 | Queue | Scout Cavalry |
| 17:46 | Queue | Scout Cavalry |
| 17:57 | Queue | Scout Cavalry |
| 17:57 | Queue | Scout Cavalry |
| 18:51 | Build | Watch Tower |
| 18:55 | Queue | Scout Cavalry |
| 18:56 | Queue | Scout Cavalry |
| 18:56 | Queue | Scout Cavalry |
| 19:15 | Queue | Scout Cavalry |
| 19:16 | Queue | Scout Cavalry |
| 19:58 | Build | Watch Tower |
| 20:06 | Queue | Villager (Male) |
| 20:07 | Queue | Villager (Male) |
| 20:07 | Queue | Villager (Male) |
| 20:08 | Queue | Scout Cavalry |
| 20:08 | Queue | Scout Cavalry |
| 20:09 | Queue | Scout Cavalry |
| 20:41 | Queue | Villager (Male) |
| 20:41 | Queue | Villager (Male) |
| 20:41 | Queue | Villager (Male) |
| 21:39 | Build | Watch Tower |
| 21:56 | Build | Watch Tower |
| 22:00 | Queue | Villager (Male) |
| 22:00 | Queue | Villager (Male) |
| 22:15 | Queue | Scout Cavalry |
| 22:16 | Queue | Scout Cavalry |
| 22:16 | Queue | Scout Cavalry |
| 22:30 | Build | Watch Tower |
| 22:48 | Queue | Villager (Male) |
| 22:51 | Build | Farm |
| 22:54 | Queue | Scout Cavalry |
| 22:54 | Queue | Scout Cavalry |
| 22:54 | Queue | Scout Cavalry |
| 22:57 | Queue | Scout Cavalry |
| 23:46 | Build | Watch Tower |
| 23:47 | Queue | Villager (Male) |
| 23:47 | Queue | Villager (Male) |
| 23:52 | Research | Wheelbarrow |
| 23:52 | Research | Wheelbarrow |
| 23:54 | Queue | Villager (Male) |
| 23:54 | Queue | Villager (Male) |
| 23:54 | Queue | Villager (Male) |
| 24:02 | Build | Mining Camp |
| 24:41 | Build | Watch Tower |
| 25:11 | Build | House |
| 25:12 | Build | House |
| 25:45 | Build | Watch Tower |
| 26:32 | Queue | Villager (Male) |
| 26:33 | Queue | Villager (Male) |
Build order — Rickard
First 150 of 180 actions detected
| 0:01 | Queue | Villager (Male) |
| 0:01 | Queue | Villager (Male) |
| 0:03 | Build | House |
| 0:04 | Build | House |
| 0:14 | Queue | Villager (Male) |
| 0:15 | Queue | Villager (Male) |
| 1:31 | Queue | Villager (Male) |
| 1:51 | Queue | Villager (Male) |
| 1:53 | Build | Lumber Camp |
| 2:20 | Queue | Villager (Male) |
| 2:50 | Queue | Villager (Male) |
| 3:02 | Build | House |
| 3:08 | Queue | Villager (Male) |
| 3:32 | Queue | Villager (Male) |
| 3:56 | Queue | Villager (Male) |
| 4:17 | Build | Mill |
| 4:26 | Build | House |
| 4:33 | Queue | Villager (Male) |
| 5:32 | Queue | Villager (Male) |
| 5:49 | Queue | Villager (Male) |
| 6:17 | Queue | Villager (Male) |
| 6:17 | Queue | Villager (Male) |
| 6:18 | Research | Loom |
| 6:47 | Build | House |
| 6:57 | Build | Palisade Wall |
| 6:58 | Build | Palisade Wall |
| 7:20 | Build | Barracks |
| 7:25 | Research | Feudal Age |
| 7:47 | Queue | Villager (Male) |
| 8:01 | Build | Mining Camp |
| 8:32 | Queue | Militia |
| 8:33 | Queue | Militia |
| 9:20 | Build | Palisade Wall |
| 9:23 | Queue | Militia |
| 9:47 | Age | Feudal Age |
| 9:49 | Build | Palisade Wall |
| 10:07 | Build | Palisade Wall |
| 10:16 | Queue | Spearman |
| 10:19 | Queue | Villager (Male) |
| 10:28 | Queue | Spearman |
| 10:42 | Build | Palisade Gate |
| 10:46 | Build | Palisade Wall |
| 10:47 | Build | Palisade Wall |
| 10:49 | Queue | Villager (Male) |
| 11:09 | Research | Man-at-Arms (upgrade) |
| 11:12 | Queue | Villager (Male) |
| 11:16 | Build | Farm |
| 11:17 | Build | Farm |
| 11:29 | Queue | Villager (Male) |
| 11:31 | Build | House |
| 11:34 | Build | House |
| 11:38 | Build | Blacksmith |
| 11:59 | Queue | Villager (Male) |
| 12:33 | Queue | Villager (Male) |
| 12:37 | Build | Farm |
| 12:38 | Build | Farm |
| 12:42 | Build | Palisade Gate |
| 12:46 | Build | Palisade Wall |
| 12:47 | Queue | Villager (Male) |
| 13:02 | Queue | Militia |
| 13:04 | Research | Scale Mail Armor |
| 13:08 | Build | Farm |
| 13:13 | Build | Farm |
| 13:15 | Build | Farm |
| 13:24 | Build | House |
| 13:27 | Build | House |
| 13:30 | Build | Farm |
| 13:32 | Queue | Villager (Male) |
| 13:56 | Queue | Villager (Male) |
| 14:08 | Build | Market |
| 14:18 | Queue | Villager (Male) |
| 14:36 | Build | Farm |
| 14:37 | Research | Double-Bit Axe |
| 14:45 | Queue | Villager (Male) |
| 15:04 | Queue | Villager (Male) |
| 15:17 | Queue | Villager (Male) |
| 15:27 | Build | Farm |
| 15:29 | Build | Farm |
| 15:30 | Queue | Spearman |
| 15:35 | Build | Farm |
| 15:44 | Build | House |
| 15:54 | Research | Forging |
| 16:09 | Queue | Villager (Male) |
| 16:12 | Build | Farm |
| 16:14 | Build | Farm |
| 16:19 | Queue | Spearman |
| 16:26 | Queue | Villager (Male) |
| 16:30 | Build | House |
| 16:41 | Research | Horse Collar |
| 16:45 | Queue | Militia |
| 16:51 | Queue | Villager (Male) |
| 16:55 | Build | House |
| 17:05 | Queue | Militia |
| 17:13 | Build | Lumber Camp |
| 17:21 | Queue | Villager (Male) |
| 17:23 | Queue | Militia |
| 17:35 | Build | Farm |
| 18:09 | Queue | Villager (Male) |
| 18:19 | Queue | Villager (Male) |
| 18:23 | Queue | Spearman |
| 18:45 | Queue | Militia |
| 19:06 | Queue | Militia |
| 19:20 | Queue | Villager (Male) |
| 19:21 | Queue | Militia |
| 19:35 | Queue | Villager (Male) |
| 19:42 | Queue | Villager (Male) |
| 19:58 | Queue | Spearman |
| 20:01 | Queue | Villager (Male) |
| 20:06 | Build | House |
| 20:07 | Build | House |
| 20:08 | Build | House |
| 20:20 | Queue | Militia |
| 20:42 | Queue | Militia |
| 20:55 | Queue | Villager (Male) |
| 21:13 | Queue | Villager (Male) |
| 21:20 | Queue | Militia |
| 21:24 | Build | Barracks |
| 21:25 | Build | Barracks |
| 21:32 | Research | Castle Age |
| 21:40 | Queue | Villager (Male) |
| 21:41 | Queue | Militia |
| 21:59 | Queue | Villager (Male) |
| 22:11 | Queue | Militia |
| 22:11 | Queue | Militia |
| 22:20 | Build | Outpost |
| 22:24 | Queue | Militia |
| 22:29 | Queue | Militia |
| 22:32 | Build | Mill |
| 22:33 | Build | Farm |
| 22:33 | Build | Farm |
| 22:34 | Build | Farm |
| 22:34 | Build | Farm |
| 22:34 | Build | Farm |
| 22:34 | Build | Farm |
| 22:39 | Build | Mill |
| 22:40 | Build | Farm |
| 22:40 | Build | Farm |
| 22:41 | Queue | Villager (Male) |
| 22:50 | Queue | Militia |
| 22:54 | Build | Farm |
| 22:57 | Build | Farm |
| 23:01 | Build | Farm |
| 23:04 | Queue | Militia |
| 23:05 | Queue | Militia |
| 23:44 | Queue | Militia |
| 23:44 | Queue | Militia |
| 23:55 | Queue | Militia |
| 23:55 | Queue | Militia |
| 24:08 | Build | Mining Camp |
| 24:13 | Queue | Militia |
Match timeline
| 6:57 | Rickard · wall_segment Palisade Wall x1 |
| 6:58 | Rickard · wall_segment Palisade Wall x1 |
| 7:20 | Rickard · first_building Barracks |
| 8:19 | hK | triunFo · first_building Barracks |
| 9:20 | Rickard · wall_segment Palisade Wall x8 |
| 9:25 | hK | triunFo · age_up feudal |
| 9:28 | hK | triunFo · first_building Stable |
| 9:47 | Rickard · age_up feudal |
| 9:49 | Rickard · wall_segment Palisade Wall x6 |
| 10:07 | Rickard · wall_segment Palisade Wall x6 |
| 10:46 | Rickard · wall_segment Palisade Wall x1 |
| 10:47 | Rickard · wall_segment Palisade Wall x1 |
| 12:46 | Rickard · wall_segment Palisade Wall x3 |
| 14:57 | hK | triunFo · wall_segment Palisade Wall x1 |
| 16:39 | Rickard · first_market_buy 100 food |
| 21:29 | Rickard · first_market_sell 100 wood |
| 24:14 | Rickard · age_up castle |
| 24:40 | Rickard · first_building Siege Workshop |
| 27:27 | hK | triunFo · resign |
[ AI ANALYSIS · 1 CREDIT ]
What really happened in this match?
Wolo.gg analyzes every decision: build order, eco, micro, common mistakes by bracket. Personalized analysis on WhatsApp or Discord in 30 seconds.
Civ guide
Franks
Perfil
hK | triunFo